AoeStats
← baophule

Arabia

509442650Analyzed
2v2 RM · 7d ago on Sep 26, 2026· 66m 46s· 4 players
Game mode
Random Map
Map size
Medium (4 player)
Population
200
Speed
Normal
Resources
Standard
Victory
Conquest
Starting age
Dark Age
Ending age
Imperial Age
RankedLock teamsTeams togetherTeam positionsShared explorationLock speedFull tech treeHidden civsTurbo modeCheats
Victory
Defeat
🇻🇳 Magyars · Vietnam
1135
+13
🇻🇳 Vietnamese · Vietnam
1134
+13
🇧🇷 Shu · Brazil
1083
-13
🇧🇷 Varangians · Brazil
1061
-13
Rayox_Sr_Ñeque
7:00 Loom
9:30 Feudal Age
10:22 Double-Bit Axe
10:33 Horse Collar
21:50 Castle Age
21:24 Padded Archer Armor
22:01 Fletching
22:32 Scale Mail Armor
23:19 Bow Saw
23:49 Stone Mining
23:43 Elite Skirmisher
26:31 Leather Archer Armor
27:29 Bodkin Arrow
36:01 Wheelbarrow
37:54 Vendel Legacy
38:56 Heavy Plow
40:31 Husbandry
40:41 Bloodlines
41:26 Hand Cart
61:32 Imperial Age
67:24 Imperial Age
65:46 Ballistics
66:43 Scale Barding Armor
66:49 Forging
LordAlvarito
3:15 Loom
10:05 Feudal Age
10:50 Double-Bit Axe
15:05 Fletching
15:16 Padded Archer Armor
21:37 Scale Mail Armor
24:52 Castle Age
23:32 Forging
25:05 Crossbowman
25:42 Bodkin Arrow
25:47 Gold Mining
26:13 Thumb Ring
27:29 Ballistics
29:01 Squires
29:07 Pikeman
32:05 Leather Archer Armor
32:47 Bow Saw
33:45 Wheelbarrow
38:13 Arson
42:50 Imperial Age
43:32 Hand Cart
45:08 Two-Man Saw
43:49 Arbalester
43:53 Halberdier
45:58 Bracer
47:30 Chemistry
46:54 Conscription
52:34 Ring Archer Armor
58:17 Scale Barding Armor
59:29 Husbandry
58:50 Light Cavalry
58:53 Elite Skirmisher
61:11 Chain Barding Armor
Phát
6:34 Loom
9:40 Feudal Age
14:23 Double-Bit Axe
25:52 Castle Age
25:19 Scale Barding Armor
25:37 Gold Mining
27:18 Chain Barding Armor
29:53 Bloodlines
31:48 Husbandry
36:10 Town Watch
44:09 Imperial Age
42:16 Wheelbarrow
44:01 Corvinian Army
45:15 Conscription
45:03 Recurve Bow
45:54 Hand Cart
48:07 Gold Shaft Mining
47:33 Cavalier
52:40 Elite Skirmisher
53:25 Padded Archer Armor
53:17 Fletching
53:26 Horse Collar
53:56 Bow Saw
53:37 Imperial Skirmisher
54:55 Thumb Ring
55:21 Bodkin Arrow
56:36 Bracer
56:52 Leather Archer Armor
56:59 Ballistics
59:56 Ring Archer Armor
59:08 Light Cavalry
59:59 Hussar
64:22 Plate Barding Armor
baophule
8:27 Loom
10:43 Feudal Age
13:14 Fletching
17:34 Double-Bit Axe
19:10 Wheelbarrow
24:02 Castle Age
24:20 Gold Mining
24:04 Crossbowman
24:44 Bodkin Arrow
24:56 Thumb Ring
25:17 Bow Saw
26:00 Padded Archer Armor
26:04 Horse Collar
27:15 Hand Cart
26:45 Town Watch
28:08 Leather Archer Armor
38:35 Imperial Age
39:05 Ballistics
40:14 Bracer
40:47 Ring Archer Armor
40:31 Arbalester
40:43 Capped Ram
43:38 Chemistry
52:13 Siege Engineers
53:57 Two-Man Saw
53:02 Heavy Plow
57:52 Stone Mining
61:42 Murder Holes
64:39 Paper Money
65:09 Masonry
Connection lost

Rejoining the realm…

Still unreachable

The connection could not be restored.

Session expired

The server has moved on; the page needs a fresh start.